 Dungeon Crawl Stone Soup version 0.28-a0-724-g66f9036eb4 (webtiles) character file.

Game seed: 149293490923499881

1033 Grim the Fighter (level 8, 0/89 HPs)
             Began as an Ogre Berserker on Oct 26, 2021.
             Was a Priest of Trog.
             Slain by a gnoll shaman (7 damage)
             ... on level 5 of the Dungeon.
             The game lasted 00:07:14 (5443 turns).

Grim the Fighter (Ogre Berserker)                   Turns: 5443, Time: 00:07:14

Health: 0/89       AC:  4    Str: 22    XL:     8   Next: 24%
Magic:  8/8        EV: 10    Int:  9    God:    Trog [***...]
Gold:   180        SH:  0    Dex:  9    Spells: 7/7 levels left

rFire   x . .      SeeInvis .   x - +2 whip (flame)
rCold   + . .      Faith    .   (no shield)
rNeg    . . .      Spirit   .   b - +0 animal skin
rPois   .          Reflect  .   (helmet restricted)
rElec   .          Harm     .   k - +0 cloak
rCorr   .          Rampage  .   (gloves unavailable)
Will    .....                   (boots unavailable)
Stlth   +.........              (no amulet)
HPRegen 0.24/turn               g - ring of ice
MPRegen 0.11/turn               (no ring)

@: on berserk cooldown, slowed, very slow
A: large, unfitting armour, tough skin 1
a: Renounce Religion, Berserk, Trog's Hand


You were on level 5 of the Dungeon.
You worshipped Trog.
Trog was most pleased with you.
You visited 1 branch of the dungeon, and saw 5 of its levels.

You collected 180 gold pieces.

Inventory:

Hand Weapons
 x - a +2 whip of flaming (weapon)
Missiles
 q - 7 boomerangs (quivered)
Armour
 b - a +0 animal skin (worn)
 k - a +0 cloak (worn)
Jewellery
 g - a ring of ice (left hand)
 w - a ring of poison resistance
Wands
 t - a wand of paralysis (5)
 u - a wand of iceblast (11)
Scrolls
 c - 2 scrolls of blinking {unknown}
 d - 2 scrolls of vulnerability {unknown}
 f - 3 scrolls of identify {unknown}
 j - 2 scrolls of enchant weapon {unknown}
 l - 2 scrolls of enchant armour {unknown}
 m - a scroll of teleportation {unknown}
 n - a scroll of noise {unknown}
 o - 2 scrolls of amnesia {unknown}
Potions
 e - 2 potions of lignification {unknown}
 h - 2 potions of degeneration {unknown}
 i - a potion of attraction {unknown}
 r - a potion of cancellation {unknown}
 s - a potion of curing {unknown}
 v - a potion of brilliance {unknown}


   Skills:
 + Level 8.5 Fighting
 * Level 7.3 Maces & Flails
 - Level 2.6 Dodging


You had 7 spell levels left.
You didn't know any spells.
Your spell library was empty.

Dungeon Overview and Level Annotations

Branches:
Dungeon (5/15)             Temple (0/1) D:4

Altars:


Innate Abilities, Weirdness & Mutations

You are too large for most types of armour.
You have tough skin. (AC +1)


Message History

You whack the gnoll! You burn the gnoll.
You kill the gnoll!
Trog accepts your kill.
You barely miss the gnoll.
The gnoll shaman calls upon its god to speed up the gnoll.
The gnoll seems to speed up.
You whack the gnoll! You burn the gnoll.
You kill the gnoll!
Trog accepts your kill.
The gnoll shaman hits you with a +0 whip.
* * * LOW HITPOINT WARNING * * *
Items here: $ ( ))) ? ††.
You feel a strong urge to attack something.
You are no longer berserk.
You are exhausted.
You feel yourself slow down.
You are too injured to fight recklessly!
You are too injured to fight recklessly!
You are too injured to fight recklessly!
You completely miss the gnoll shaman.
The gnoll shaman calls down the wrath of its god upon you.
You easily resist.
You hit the gnoll. You burn the gnoll.
The gnoll is heavily wounded.
The gnoll hits you with a +0 club!
* * * LOW HITPOINT WARNING * * *
The gnoll shaman closely misses you.
You hit the gnoll. You burn the gnoll.
You kill the gnoll!
Trog accepts your kill.
The gnoll shaman hits you with a +0 whip!
* * * LOW HITPOINT WARNING * * *
You barely miss the gnoll shaman. The gnoll shaman closely misses you.
You closely miss the gnoll shaman. The gnoll shaman closely misses you.
You hit the gnoll shaman but do no damage.
The gnoll shaman barely misses you.
You barely miss the gnoll shaman. The gnoll shaman closely misses you.
You closely miss the gnoll shaman. The gnoll shaman closely misses you.
The gnoll shaman hits you with a +0 whip!
You die...

...(.## .....# ....# ###
.... ... ..# ### #.#
##.####)################
#......@g..)............
#......#################
#...... #.##### #


You could see a gnoll shaman.

Vanquished Creatures
  Sigmund (D:3)
  A water moccasin (D:5)
  An ice beast (D:5)
  An ogre (D:4)
  A kobold brigand (D:4)
  A water moccasin zombie (D:5)
  A howler monkey (D:5)
  A hound (D:5)
  Crazy Yiuf (D:2)
  A centaur skeleton (D:5)
  Jessica (D:2)
  An iguana (D:5)
  A scorpion zombie (D:5)
  9 gnolls
  8 adders
  3 adder skeletons
  A dart slug (D:1)
  7 orcs
  5 ball pythons
  4 bats
  9 endoplasms
  7 giant cockroaches
  6 goblins
  7 hobgoblins
  4 jackals (D:3)
  A quokka (D:1)
  4 frilled lizards
  27 kobolds
  2 rats (D:2)
117 creatures vanquished.

Vanquished Creatures (others)
  19 plants (D:4)
19 creatures vanquished.

Grand Total: 136 creatures vanquished

Notes
Turn   | Place    | Note
-------+----------+-------------------------------------------
     0 | D:1      | Grim the Ogre Berserker began the quest for the Orb.
     0 | D:1      | Reached XP level 1. HP: 24/24 MP: 1/1
    98 | D:1      | Reached XP level 2. HP: 31/33 MP: 2/2
   497 | D:1      | Reached XP level 3. HP: 41/41 MP: 3/3
   804 | D:2      | Noticed Jessica
   806 | D:2      | Killed Jessica
   807 | D:2      | Reached skill level 5 in Fighting
   807 | D:2      | Reached XP level 4. HP: 50/50 MP: 4/4
   964 | D:2      | Reached ** piety under Trog
  1128 | D:2      | Found a runed translucent door.
  1129 | D:2      | Noticed Crazy Yiuf
  1135 | D:2      | Killed Crazy Yiuf
  1370 | D:2      | Reached XP level 5. HP: 49/59 MP: 5/5
  1435 | D:2      | Reached skill level 6 in Fighting
  2438 | D:3      | Noticed Sigmund
  2555 | D:3      | Killed Sigmund
  2556 | D:3      | Reached skill level 5 in Maces & Flails
  2556 | D:3      | Reached XP level 6. HP: 68/68 MP: 6/6
  3182 | D:4      | Reached *** piety under Trog
  3183 | D:4      | Reached skill level 7 in Fighting
  3183 | D:4      | Reached XP level 7. HP: 78/78 MP: 7/7
  4142 | D:4      | Found a staircase to the Ecumenical Temple.
  4462 | D:5      | Entered Level 5 of the Dungeon
  4920 | D:5      | Reached skill level 8 in Fighting
  4920 | D:5      | Reached XP level 8. HP: 64/88 MP: 8/8
  5443 | D:5      | Slain by a gnoll shaman

Illustrated notes

Levels and vault maps discovered:
D:1:      elethiomel_arrival_shortcut, layout_rooms, minmay_misc_feat_square
D:2:      layout_loops_ring, minmay_worlds_worst_comb, uniq_jessica,
          uniq_crazy_yiuf_cottage
D:3:      layout_loops_cross, serial_glass, glass_columns_a, glass_columns_c,
          feat_on_display, minmay_strange_pillars, item_on_display_a,
          uniq_sigmund
D:4:      kennysheep_kobold_camp, layout_cave_pools,
          minmay_temple_entry_nine_rooms
D:5:      layout_basic, nicolae_ossuary_entry_monument

Skill      XL: |  1  2  3  4  5  6  7  8 |
---------------+-------------------------+-----
Maces & Flails | 3 4 5 6 7 |  7.3
Fighting       | 5 6 7 8 |  8.5
Dodging        | |  2.6

Action                   |  1- 3 |  4- 6 |  7- 9 || total
-------------------------+-------+-------+-------++-------
Melee: Mace              |    54 |   162 |       ||   216
       Whip              |       |       |   239 ||   239
Throw: Boomerang         |       |       |     6 ||     6
Invok: Berserk           |     1 |     4 |     2 ||     7
 Stab: Sleeping          |       |     1 |       ||     1
Armor: Animal skin       |    14 |    49 |    47 ||   110
Dodge: Dodged            |    29 |   114 |    84 ||   227

Table legend: (Time is in decaauts)
 A = Elapsed time spent in this place.
 B = Non-inter-level travel time spent in this place.
 C = Inter-level travel time spent in this place.
 D = Time resting spent in this place.
 E = Time spent auto-exploring this place.
 F = Levels seen in this place.
 G = Mean time per level.
                   A        B        C        D        E       F      G
               +--------+--------+--------+--------+--------+-----+--------+
         Total |   5488 |   5404 |     84 |   1633 |   2720 |   5 | 1097.6 |
       Dungeon |   5488 |   5404 |     84 |   1633 |   2720 |   5 | 1097.6 |
               +--------+--------+--------+--------+--------+-----+--------+

Top non-repeatable levels by time:
     D:2: 1564 daAuts
     D:4: 1327 daAuts
     D:5: 944 daAuts
     D:3: 834 daAuts
     D:1: 817 daAuts
